AoeStats
← p.bertin

Golden Pit

507773228Analyzed
1v1 RM · 11d ago on Sep 19, 2026· 41m 15s· 2 players
Game mode
Random Map
Map size
Tiny (2 player)
Population
200
Speed
Normal
Resources
Standard
Victory
Conquest
Starting age
Dark Age
Ending age
Imperial Age
RankedLock teamsTeams togetherTeam positionsShared explorationLock speedFull tech treeHidden civsTurbo modeCheats
Victory
Defeat
🇧🇪 Vietnamese · Belgium
1169
+17
🇹🇷 Celts · Türkiye
1182
-17
p.bertin
5:39 Loom
7:05 Loom
10:15 Feudal Age
10:50 Double-Bit Axe
15:07 Fletching
20:37 Castle Age
19:14 Padded Archer Armor
19:07 Horse Collar
19:19 Gold Mining
19:53 Scale Barding Armor
20:42 Bloodlines
21:16 Wheelbarrow
22:18 Bow Saw
22:19 Husbandry
25:11 Chain Barding Armor
25:50 Forging
26:00 Crossbowman
26:37 Stone Mining
29:10 Bodkin Arrow
29:03 Light Cavalry
38:49 Ballistics
38:35 Town Watch
39:06 Hand Cart
40:40 Iron Casting
40:21 Leather Archer Armor
44:17 Imperial Age
41:48 Town Patrol
ormtmc
2:41 Loom
10:45 Feudal Age
20:59 Castle Age
20:15 Fletching
20:44 Double-Bit Axe
22:42 Bow Saw
22:14 Horse Collar
34:11 Pikeman
34:37 Gambesons
35:03 Forging
34:54 Scale Mail Armor
39:07 Iron Casting
Connection lost

Rejoining the realm…

Still unreachable

The connection could not be restored.

Session expired

The server has moved on; the page needs a fresh start.